 Dungeon Crawl Stone Soup version 0.19-a0-347-g6bb00b2 (webtiles) character file.

34 Charly the Chopper (level 3, -2/18 HPs)
             Began as a Vine Stalker Gladiator on May 29, 2016.
             Killed by divine providence
             ... invoked by an orc priest
              (8 damage)
             ... on level 4 of the Dungeon.
             The game lasted 00:03:47 (244 turns).

Charly the Chopper (Vine Stalker Gladiator)          Turns: 244, Time: 00:03:49

Health: -2/18      AC: 10    Str: 17    XL:     3   Next: 31%
Magic:  0/4        EV:  7    Int:  8    God:
Gold:   41         SH:  0    Dex: 15    Spells: 0 memorised, 2 levels left

rFire  + . .     SeeInvis .     a - +0 war axe
rCold  . . .     Gourm    .     g - +1 chain mail {rF+}
rNeg   . . .     Faith    .     (no shield)
rPois  .         Spirit   +     c - +0 helmet
rElec  .         Dismiss  .     (no cloak)
rCorr  .         Reflect  .     (no gloves)
SustAt .         Harm     .     (no boots)
MR     .....                    (no amulet)
Stlth  ..........               (no ring)
                                (no ring)

@: not resistant to hostile enchantments, extremely unstealthy
A: fangs 2, regeneration 1, magic shield, antimagic bite, no device heal 3, rot
immunity
a: no special abilities


You were on level 4 of the Dungeon.
You were not hungry.

You visited 1 branch of the dungeon, and saw 4 of its levels.

You collected 41 gold pieces.

Inventory:

Hand Weapons
 a - a +0 war axe (weapon)
Missiles
 d - a throwing net (quivered)
Armour
 b - a +0 leather armour
 c - a +0 helmet (worn)
 g - a +1 chain mail of fire resistance (worn)
Scrolls
 e - 2 scrolls of identify {unknown}
 h - a scroll of immolation {unknown}
 j - a scroll of amnesia {unknown}
 l - a scroll of remove curse {unknown}
Potions
 i - 2 potions of curing {unknown}
 k - 2 potions of haste {unknown}
 m - a potion of lignification {unknown}
Comestibles
 f - 2 bread rations


   Skills:
 - Level 1.7 Fighting
 + Level 3.9 Axes
 - Level 1.7 Throwing
 - Level 2.4 Dodging


You had 2 spell levels left.
You didn't know any spells.

Dungeon Overview and Level Annotations

Branches:
Dungeon (4/15)
 Temple: D:4-7

Altars:


Innate Abilities, Weirdness & Mutations

You have extremely sharp teeth.
Your natural rate of healing is unusually fast.
When hurt, damage is shared between your health and your magic reserves.
Your bite disrupts and absorbs the magic of your enemies.
Potions and wands cannot restore your health.
You are immune to rotting.


Message History

You barely miss the iguana. You bite the iguana, but do no damage.
The iguana barely misses you.
Your chain mail prevents you from hitting the iguana.
Your bite misses the iguana. The iguana bites you. x2
* * * LOW HITPOINT WARNING * * *
An orc priest comes into view. It is wielding a flail.
The orc priest shouts!
Throwing (i - inventory):
d - 2 throwing nets (quivered)
Press: ? - help, Shift-Dir - straight line, f - iguana
Aim: an iguana You throw a throwing net.
The throwing net hits the iguana.
The iguana is caught in the net!
The iguana struggles to escape the net.
An orc comes into view. It is wielding a club.
You hit the iguana. You bite the iguana. You drain its power.
You feel invigorated.
The iguana is moderately wounded.
The iguana struggles to escape the net.
The orc priest invokes the aid of Beogh against you.
Beogh smites you!
You die...

o.# .. o. .##
.. #.
#.###########.
#.@l..<.......
##############


You could see an iguana (caught), an orc priest and an orc (wandering).

Vanquished Creatures
  2 adders
  A dart slug (D:2)
  An orc (D:3)
  A ball python (D:1)
  A hobgoblin (D:1)
  5 bats
  2 giant newts
  A goblin (D:1)
  A kobold (D:1)
  2 rats (D:2)
17 creatures vanquished.

Vanquished Creatures (others)
  5 toadstools (D:1)
5 creatures vanquished.

Grand Total: 22 creatures vanquished

Notes
Turn   | Place    | Note
--------------------------------------------------------------
     0 | D:1      | Charly the Vine Stalker Gladiator began the quest for the Orb.
     0 | D:1      | Reached XP level 1. HP: 11/11 MP: 2/2
    25 | D:1      | Reached skill level 3 in Axes
    67 | D:2      | Reached XP level 2. HP: 15/15 MP: 3/3
   203 | D:3      | Reached XP level 3. HP: 8/18 MP: 2/4
   244 | D:4      | Killed from afar by an orc priest

Vault maps used:
D:1:      ldierk_walled_garden
D:2:      old_standard_altar, yredelemnul_altar_generic,
          gammafunk_temple_overflow_wave, ecumenical_altar_1,
          uniq_crazy_yiuf_cottage, uniq_natasha, uniq_sigmund
D:3:      grunt_gozag_statues, columned_hall_lemuel, tso_metal_star

Skill      XL: |  1 |
---------------+----+-----
Axes           | 3 |  3.9
Fighting       | |  1.7
Throwing       | |  1.7
Dodging        | |  2.4

Action                   || total
-------------------------++-------
Melee: War axe           ||    51
       Bite              ||    19
Throw: Throwing net      ||     5
 Stab: Held in net/web   ||     1
  Eat: Pizza             ||     1
Armor: Leather armour    ||     9
       Chain mail        ||    68
Dodge: Dodged            ||    52
